AoeStats
← Sir_Brouzi

Arena

507981784Analyzed
4v4 RM · 10d ago on Sep 20, 2026· 55m 19s· 8 players
Game mode
Random Map
Map size
Large (8 player)
Population
200
Speed
Normal
Resources
Standard
Victory
Conquest
Starting age
Dark Age
Ending age
Imperial Age
RankedLock teamsTeams togetherTeam positionsShared explorationLock speedFull tech treeHidden civsTurbo modeCheats
Victory
Defeat
🇩🇪 Portuguese · Germany
1114
+15
🇫🇷 Persians · France
1112
+15
🇫🇷 Japanese · France
1085
+16
🇹🇼 Celts · Taiwan
1020
+19
🇹🇼 Franks · Taiwan
1130
-18
🇹🇼 Huns · Taiwan
1081
-16
🇨🇳 Magyars · China
1071
-16
🇹🇼 Britons · Taiwan
1065
-15
閒雲野鶴
1:10 Loom
10:44 Feudal Age
11:14 Double-Bit Axe
11:32 Horse Collar
13:00 Wheelbarrow
14:36 Gold Mining
20:10 Castle Age
18:54 Forging
19:29 Bloodlines
21:23 Husbandry
22:09 Iron Casting
22:07 Bow Saw
22:57 Heavy Plow
23:13 Padded Archer Armor
25:05 Hand Cart
28:03 Stone Mining
28:49 Gold Shaft Mining
32:53 Imperial Age
29:53 Elite Skirmisher
30:51 Leather Archer Armor
30:27 Fletching
34:34 Two-Man Saw
33:07 Cavalier
34:59 Blast Furnace
34:26 Conscription
35:25 Pikeman
jameskobecp6
8:49 Feudal Age
9:27 Double-Bit Axe
9:25 Horse Collar
18:36 Castle Age
16:30 Stone Mining
19:53 Heavy Plow
20:05 Bow Saw
23:47 Gold Mining
25:29 Gold Shaft Mining
32:44 Imperial Age
31:03 Fletching
32:01 Bodkin Arrow
32:06 Padded Archer Armor
33:03 Yeomen
33:54 Conscription
32:55 Elite Longbowman
34:54 Ballistics
34:38 Bracer
34:53 Leather Archer Armor
36:33 Chemistry
35:52 Leather Archer Armor
37:21 Onager
secret_marker
11:05 Feudal Age
12:29 Wheelbarrow
11:42 Double-Bit Axe
16:02 Castle Age
21:21 Gold Mining
30:53 Imperial Age
29:52 Gold Shaft Mining
29:10 Stone Mining
29:43 Scale Barding Armor
29:49 Forging
30:11 Hand Cart
29:43 Loom
31:13 Chain Barding Armor
31:58 Conscription
31:09 Cavalier
31:49 Husbandry
32:40 Plate Barding Armor
32:41 Iron Casting
33:17 Paladin
36:36 Blast Furnace
39:08 Light Cavalry
44:00 Chivalry
47:59 Scale Mail Armor
49:14 Chain Mail Armor
51:15 Pikeman
805678789
11:47 Feudal Age
16:44 Castle Age
15:15 Double-Bit Axe
15:12 Horse Collar
21:45 Town Watch
21:53 Loom
24:39 Heavy Plow
27:31 Wheelbarrow
28:52 Hand Cart
32:28 Imperial Age
30:45 Hand Cart
30:34 Town Patrol
30:30 Gold Mining
31:18 Stone Mining
32:04 Gold Shaft Mining
31:39 Scale Barding Armor
31:39 Scale Mail Armor
32:59 Bow Saw
32:55 Padded Archer Armor
32:46 Fletching
33:27 Ballistics
34:38 Chemistry
34:18 Conscription
34:01 Recurve Bow
34:40 Parthian Tactics
33:36 Heavy Cavalry Archer
Sir_Brouzi
12:09 Feudal Age
12:47 Horse Collar
13:11 Double-Bit Axe
15:48 Castle Age
13:34 Loom
16:49 Bow Saw
18:33 Wheelbarrow
21:43 Gold Mining
23:26 Hand Cart
24:01 Heavy Plow
24:29 Scale Barding Armor
24:37 Forging
25:55 Husbandry
26:05 Bloodlines
25:49 Stone Mining
26:44 Thumb Ring
27:33 Gold Shaft Mining
29:28 Stone Shaft Mining
32:19 Imperial Age
29:49 Fletching
31:03 Chain Barding Armor
31:19 Iron Casting
31:01 Padded Archer Armor
32:13 Crossbowman
34:32 Blast Furnace
34:02 Kamandaran
33:58 Cavalier
34:49 Bodkin Arrow
35:15 Scale Mail Armor
35:30 Leather Archer Armor
36:55 Thumb Ring
37:14 Ballistics
37:48 Savar
39:47 Conscription
40:12 Plate Barding Armor
40:07 Ring Archer Armor
39:52 Chain Mail Armor
40:32 Light Cavalry
41:23 Hussar
47:27 Arson
47:42 Squires
48:17 Plate Mail Armor
48:50 Chemistry
47:41 Heated Shot
52:36 Town Watch
52:59 Caravan
Luis
9:59 Feudal Age
8:14 Loom
16:33 Castle Age
15:07 Double-Bit Axe
15:15 Horse Collar
26:16 Wheelbarrow
26:49 Gold Mining
29:36 Imperial Age
26:56 Town Watch
27:59 Hand Cart
27:38 Stone Mining
28:26 Bow Saw
28:20 Heavy Plow
28:13 Elite Skirmisher
28:56 Fletching
29:08 Padded Archer Armor
29:47 Ballistics
29:23 Murder Holes
29:34 Bodkin Arrow
29:50 Thumb Ring
30:24 Stone Shaft Mining
31:47 Chemistry
30:51 Bracer
31:07 Leather Archer Armor
31:28 Crop Rotation
32:01 Two-Man Saw
32:59 Ring Archer Armor
32:41 Siege Engineers
33:20 Town Patrol
40:16 Scale Mail Armor
40:26 Forging
39:38 Pikeman
40:04 Arson
40:36 Halberdier
45:13 Chain Mail Armor
45:34 Iron Casting
47:13 Plate Mail Armor
47:44 Blast Furnace
52:05 Conscription
Bailey Moore
11:20 Feudal Age
15:21 Castle Age
13:11 Double-Bit Axe
14:10 Horse Collar
16:42 Bow Saw
16:56 Heavy Plow
20:05 Wheelbarrow
22:59 Treadmill Crane
25:08 Hand Cart
29:14 Imperial Age
26:31 Loom
26:34 Town Watch
27:30 Stone Mining
27:32 Gold Mining
30:33 Conscription
30:11 Capped Ram
30:33 Pikeman
30:55 Siege Ram
31:14 Elite Woad Raider
33:03 Furor Celtica
32:56 Scale Mail Armor
32:17 Halberdier
32:43 Arson
34:14 Siege Engineers
34:20 Masonry
35:18 Forging
36:33 Chain Mail Armor
36:54 Iron Casting
36:34 Murder Holes
37:00 Ballistics
37:38 Plate Mail Armor
40:13 Stronghold
41:45 Fortified Wall
42:37 Chemistry
41:23 Arrowslits
42:40 Blast Furnace
41:30 Fletching
48:31 Hoardings
52:43 Onager
SafirduTiks
4:30 Loom
11:05 Feudal Age
12:16 Double-Bit Axe
18:40 Castle Age
16:37 Horse Collar
17:17 Scale Mail Armor
17:54 Forging
18:36 Gold Mining
20:01 Bow Saw
19:21 Pikeman
20:09 Heavy Plow
21:06 Squires
23:01 Wheelbarrow
29:19 Imperial Age
28:28 Fletching
28:54 Chain Mail Armor
30:14 Gold Shaft Mining
30:29 Conscription
31:25 Two-Man Saw
31:58 Plate Mail Armor
33:57 Kataparuto
33:11 Halberdier
37:19 Hand Cart
38:18 Iron Casting
37:50 Arson
45:50 Blast Furnace
44:46 Bodkin Arrow
45:31 Elite Samurai
Connection lost

Rejoining the realm…

Still unreachable

The connection could not be restored.

Session expired

The server has moved on; the page needs a fresh start.